 Dungeon Crawl Stone Soup version 0.28-a0-1080-g05a166d0ed (webtiles) character file.

Game seed: 17023584334062416387

5 ytrimaz the Vexing (level 1, -3/7 HPs)
             Began as a Felid Enchanter on Dec 9, 2021.
             Slain by a goblin (5 damage)
             ... on level 1 of the Dungeon.
             The game lasted 00:00:19 (102 turns).

ytrimaz the Vexing (Felid Enchanter)                 Turns: 102, Time: 00:00:19

Health: -3/7       AC:  1    Str:  4    XL:     1   Next: 66%
Magic:  4/4        EV: 17    Int: 16    God:
Gold:   9          SH:  0    Dex: 16    Spells: 4/4 levels left
                                        Lives:  0   Deaths: 0

rFire   . . .      SeeInvis +     - Unarmed
rCold   . . .      Faith    .   (shield unavailable)
rNeg    . . .      Spirit   .   (armour unavailable)
rPois   .          Reflect  .   (helmet unavailable)
rElec   .          Harm     .   (cloak unavailable)
rCorr   .          Rampage  .   (gloves unavailable)
Will    .....                   (boots unavailable)
Stlth   +++.......              (no amulet)
HPRegen 0.02/turn               (no ring)
MPRegen 0.09/turn               (no ring)

@: quick
A: very small, claws 1, fangs 3, see invisible, speed 1, shaggy fur 1, stealthy
paws, no weapons or thrown items, no armour, multi-lived
a: no special abilities


You were on level 1 of the Dungeon.
You visited 1 branch of the dungeon, and saw 1 of its levels.

You collected 9 gold pieces.

Inventory:

Potions
 a - a potion of invisibility


   Skills:
 - Level 2.6 Dodging
 + Level 4.2 Stealth
 - Level 1.0 Unarmed Combat
 + Level 2.0 Spellcasting
 + Level 4.7 Hexes


You had 4 spell levels left.
You didn't know any spells.
Your spell library contained the following spells:

 Spells                   Type           Power      Damage    Failure   Level
 Confusing Touch          Hex            16%        N/A       9%          3
 Tukima's Dance           Hex            16%        N/A       9%          3
 Ensorcelled Hibernation  Hex/Ice        18%        N/A       12%         2
 Dazzling Flash           Conj/Hex       18%        N/A       24%         3


Dungeon Overview and Level Annotations

Branches:
Dungeon (1/15)

Altars:


Innate Abilities, Weirdness & Mutations

You have sharp claws.
You have razor-sharp teeth.
You have supernaturally acute eyesight. (SInv)
You cover ground quickly. (Speed+)
You are covered in fur. (AC +1)
Your paws help you pounce on unaware monsters.
You are incapable of wielding weapons or throwing items.
You cannot wear armour.
You gain extra lives every three experience levels.


Message History

The jackal bites you.
You closely miss the jackal. The jackal closely misses you.
You scratch the jackal.
The jackal is lightly wounded.
The jackal misses you. The jackal bites you.
You closely miss the jackal.
The jackal is lightly wounded.
The jackal bites you.
You scratch the jackal. Your bite misses the jackal.
The jackal is moderately wounded.
The jackal closely misses you. x2
You barely miss the jackal.
The jackal is moderately wounded.
The jackal closely misses you.
You barely miss the jackal.
The jackal is moderately wounded.
The jackal barely misses you.
You scratch the jackal.
The jackal is severely wounded.
The jackal closely misses you. x2
You scratch the jackal but do no damage.
The jackal is severely wounded.
The jackal completely misses you.
You scratch the jackal.
You kill the jackal!
You closely miss the jackal. You bite the jackal, but do no damage.
The jackal closely misses you.
You closely miss the jackal. You bite the jackal.
The jackal is moderately wounded.
The jackal closely misses you. The jackal bites you.
* * * LOW HITPOINT WARNING * * *
You scratch the jackal.
You kill the jackal!
A bat comes into view.
You are too injured to fight recklessly!
You start resting.
A goblin comes into view. It is wielding a +0 club.
The goblin hits you with a +0 club.
Ouch! That really hurt!
You die...

..# ..# ... ..##
#.. ...
...########## #..
.... ............#
#.# ##..#
..#.#######.# #.#
..... ..#.# #.#
#.##...# ## ..#.#
#.#######.#..# #..#
....#
#.....@g....##.....
##.##
##########......#
...# #.....## ##..
#.....# ###
#......# #..##.....
#... ##..# #... ##
##...


You could see a goblin.

Vanquished Creatures
  2 jackals (D:1)
  A quokka (D:1)
  A bat (D:1)
  A rat (D:1)
5 creatures vanquished.

Notes
Turn   | Place    | Note
-------+----------+-------------------------------------------
     0 | D:1      | ytrimaz the Felid Enchanter began the quest for the Orb.
     0 | D:1      | Reached XP level 1. HP: 7/7 MP: 4/4
   102 | D:1      | Slain by a goblin

Illustrated notes

Levels and vault maps discovered:
D:1:      minmay_arrival_stone_box, layout_basic, hangedman_decor_lopped,
          minmay_misc_feat_iff

Action                   || total
-------------------------++-------
Melee: Unarmed           ||    17
       Bite              ||     3
 Stab: Sleeping          ||     1
Dodge: Dodged            ||    14

Table legend: (Time is in decaauts)
 A = Elapsed time spent in this place.
 B = Non-inter-level travel time spent in this place.
 C = Inter-level travel time spent in this place.
 D = Time resting spent in this place.
 E = Time spent auto-exploring this place.
 F = Levels seen in this place.
 G = Mean time per level.
                   A        B        C        D        E       F      G
               +--------+--------+--------+--------+--------+-----+--------+
         Total |     89 |     89 |      0 |     22 |     20 |   1 |   89.0 |
       Dungeon |     89 |     89 |      0 |     22 |     20 |   1 |   89.0 |
               +--------+--------+--------+--------+--------+-----+--------+

Top non-repeatable levels by time:
     D:1: 89 daAuts
